 Dungeon Crawl Stone Soup version 0.30-a0-269-gf0224bf7b6 (webtiles) character file.

Game seed: 11161955880359728383

11 purpskrrrp the Firebug (level 2, 0/15 HPs)
             Began as a Gargoyle Fire Elementalist on Oct 14, 2022.
             Slain by a jackal (2 damage)
             ... on level 1 of the Dungeon.
             The game lasted 00:02:14 (294 turns).

purpskrrrp the Firebug (Gargoyle Fire Elementalist)  Turns: 294, Time: 00:02:14

Health: 0/15       AC:  4    Str: 11    XL:     2   Next: 25%
Magic:  4/5        EV: 12    Int: 15    God:
Gold:   22         SH:  0    Dex: 10    Spells: 4/5 levels left

rFire   . . .      SeeInvis .    b - +0 dagger
rCold   . . .      Faith    .    (no shield)
rNeg    + . .      Spirit   .    a - +0 robe
rPois   ∞          Reflect  .    (no helmet)
rElec   +          Harm     .    (no cloak)
rCorr   .          Rampage  .    (no gloves)
Will    .....                    (no boots)
Stlth   ++........               (no amulet)
HPRegen 0.22/turn                (no ring)
MPRegen 0.09/turn                (no ring)

@: no status effects
A: sickness immunity, AC +2, negative energy resistance 1, electricity
resistance, torment resistance 1, petrification resistance
a: no special abilities


You were on level 1 of the Dungeon.
You visited 1 branch of the dungeon, and saw 1 of its levels.

You collected 22 gold pieces.

Inventory:

Hand Weapons
 b - a +0 dagger (weapon)
Armour
 a - a +0 robe (worn)
Scrolls
 d - a scroll of identify {unknown}
 e - a scroll of blinking {unknown}
Potions
 c - a potion of might {unknown}


   Skills:
 + Level 1.7 Dodging
 + Level 2.4 Stealth
 + Level 2.1 Spellcasting
 + Level 1.4 Conjurations
 + Level 3.1 Fire Magic


You had 4 spell levels left.
You knew the following spells:

 Your Spells              Type           Power      Damage    Failure   Level
a - Foxfire               Conj/Fire      32%        2x1d5     9%          1

Your spell library contained the following spells:

 Spells                   Type           Power      Damage    Failure   Level
 Scorch                   Fire           22%        2d6       9%          2
 Inner Flame              Hex/Fire       6%         N/A       34%         3
 Kindle Blastsparks       Fire/Tloc/Air  8%         2d10      41%         3
 Flame Wave               Conj/Fire      8%         2d5       65%         4


Dungeon Overview and Level Annotations

Branches:
Dungeon (1/15)

Altars:


Innate Abilities, Weirdness & Mutations

You are immune to sickness and miasma.
Your stone body is resilient. (AC +2)
You are immune to poison.
You resist negative energy. (rN+)
You are resistant to electric shocks. (rElec)
You are resistant to unholy torment.
You are immune to petrification.


Message History

The jackal is lightly wounded.
The jackal barely misses you. x2
You hit the jackal but do no damage.
The jackal is lightly wounded.
The jackal barely misses you. The jackal bites you.
The jackal barely misses you.
The jackal bites you but does no damage.
You hit the jackal but do no damage.
The jackal is lightly wounded.
The jackal completely misses you. The jackal barely misses you.
You barely miss the jackal.
The jackal is lightly wounded.
The jackal bites you but does no damage.
The jackal bites you.
The jackal bites you but does no damage. x2
You hit the jackal but do no damage.
The jackal is lightly wounded.
The jackal barely misses you. x2
You closely miss the jackal.
The jackal is lightly wounded.
The jackal misses you. The jackal barely misses you.
You barely miss the jackal.
The jackal is lightly wounded.
The jackal misses you. The jackal bites you.
* * * LOW HITPOINT WARNING * * *
The jackal misses you. The jackal barely misses you.
You barely miss the jackal.
The jackal is lightly wounded.
The jackal misses you. The jackal closely misses you.
You barely miss the jackal.
The jackal is lightly wounded.
The jackal bites you.
* * * LOW HITPOINT WARNING * * *
The jackal bites you but does no damage. x3
You closely miss the jackal. The jackal misses you.
The jackal closely misses you.
You hit the jackal.
The jackal is moderately wounded.
The jackal bites you.
You die...

### ###.# #...# #####.#.##
.........# #####..##.##
.... #.....###########
##....##.....#@h..†....#
##......+..#.#.#h#######.#
#..... ##.......# #....#
##.######
#.##.#####.......#
.........#..##...#
#.#.###...........#
#...##.#.#...###..#
#...##.............


You could see 2 jackals.

Vanquished Creatures
  A goblin (D:1)
  A hobgoblin (D:1)
  5 jackals (D:1)
  A frilled lizard (D:1)
  A kobold (D:1)
9 creatures vanquished.

Vanquished Creatures (collateral kills)
  5 foxfires (D:1)
5 creatures vanquished.

Vanquished Creatures (others)
  13 foxfires (D:1)
13 creatures vanquished.

Grand Total: 27 creatures vanquished

Notes
Turn   | Place    | Note
-------+----------+-------------------------------------------
     0 | D:1      | purpskrrrp the Gargoyle Fire Elementalist began the quest
                  | for the Orb.
     0 | D:1      | Reached XP level 1. HP: 10/10 MP: 3/3
    91 | D:1      | Reached XP level 2. HP: 3/15 MP: 0/5
   294 | D:1      | Slain by a jackal

Illustrated notes

Levels and vault maps discovered:
D:1:      lightli_arrival_flooded_house, layout_basic,
          hellmonk_ecumenical_altar_crossroads, nicolae_hexahallways,
          hangedman_decor_points, st_stairs_14

Action                   || total
-------------------------++-------
Melee: Unarmed           ||    30
       Punch             ||     1
       Dagger            ||    38
 Cast: Foxfire           ||    14
  Use: Potion            ||     1
Armor: Robe              ||    41
Dodge: Dodged            ||    78

Table legend: (Time is in decaauts)
 A = Elapsed time spent in this place.
 B = Non-inter-level travel time spent in this place.
 C = Inter-level travel time spent in this place.
 D = Time resting spent in this place.
 E = Time spent auto-exploring this place.
 F = Levels seen in this place.
 G = Mean time per level.
                   A        B        C        D        E       F      G
               +--------+--------+--------+--------+--------+-----+--------+
         Total |    293 |    293 |      0 |     60 |    108 |   1 |  293.0 |
       Dungeon |    293 |    293 |      0 |     60 |    108 |   1 |  293.0 |
               +--------+--------+--------+--------+--------+-----+--------+

Top non-repeatable levels by time:
     D:1: 293 daAuts
